AoeStats
← Sinople

MegaRandom

507102750Analyzed
4v4 RM · 17d ago on Sep 16, 2026· 31m 0s· 8 players
Game mode
Random Map
Map size
Large (8 player)
Population
200
Speed
Normal
Resources
Standard
Victory
Conquest
Starting age
Dark Age
Ending age
Imperial Age
RankedLock teamsTeams togetherTeam positionsShared explorationLock speedFull tech treeHidden civsTurbo modeCheats
Victory
Defeat
🇬🇧 Spanish · United Kingdom
1184
+13
🇧🇪 Japanese · Belgium
1183
+13
🇧🇪 Mongols · Belgium
1166
+14
🇨🇦 Vietnamese · Canada
1144
+15
🇫🇷 Sicilians · France
1205
-18
🇷🇪 Goths · Réunion
1179
-16
🇫🇷 Inca · France
1053
-11
🇫🇷 Turks · France
1033
-10
Neoptalames
8:28 Loom
11:09 Feudal Age
15:14 Castle Age
13:25 Double-Bit Axe
13:34 Stone Mining
14:25 Horse Collar
17:32 Bow Saw
19:58 Fletching
30:00 Bodkin Arrow
31:19 Padded Archer Armor
JimP
9:25 Feudal Age
10:13 Double-Bit Axe
9:52 Man-at-Arms
10:42 Loom
13:26 Arson
18:54 Scale Mail Armor
25:44 Castle Age
26:31 Long Swordsman
26:33 Pikeman
27:34 Fletching
27:33 Gambesons
27:50 Squires
Leeroy Jenkins III
11:48 Feudal Age
10:06 Loom
16:05 Castle Age
14:07 Padded Archer Armor
14:51 Double-Bit Axe
24:23 Gold Mining
elsuum_93
6:21 Loom
6:53 Loom
10:29 Feudal Age
11:24 Double-Bit Axe
15:08 Town Watch
15:59 Wheelbarrow
25:13 Castle Age
27:27 Fletching
28:13 Hand Cart
30:40 Bow Saw
30:41 Bodkin Arrow
Le Duc Maximilien 1er
7:47 Loom
10:21 Feudal Age
15:55 Castle Age
16:51 Double-Bit Axe
Sinople
12:32 Feudal Age
16:29 Castle Age
19:15 Gold Mining
23:11 Wheelbarrow
27:11 Padded Archer Armor
Zoraf Le Rose
10:41 Loom
12:27 Feudal Age
12:36 Feudal Age
13:04 Loom
16:23 Castle Age
14:38 Double-Bit Axe
15:48 Forging
17:54 Horse Collar
18:26 Champi Runner
24:19 Champi Warrior
27:22 Wheelbarrow
27:56 Scale Mail Armor
ilovemytiti
7:44 Loom
10:08 Feudal Age
10:39 Man-at-Arms
21:18 Fletching
26:27 Castle Age
24:55 Scale Mail Armor
28:00 Horse Collar
27:46 Elite Skirmisher
28:24 Bodkin Arrow
Connection lost

Rejoining the realm…

Still unreachable

The connection could not be restored.

Session expired

The server has moved on; the page needs a fresh start.